 Dungeon Crawl Stone Soup version 0.31.0-11-ge490571c62 (webtiles) character file.

Game seed: 15002627245554108746

34 emalcxe the Poker (level 3, -2/26 (31) HPs)
             Began as a Gnoll Reaver on Feb 4, 2024.
             Slain by an ogre
             ... wielding a +0 giant club
              (28 damage)
             ... on level 2 of the Dungeon.
             The game lasted 00:04:43 (867 turns).

emalcxe the Poker (Gnoll Reaver)                     Turns: 867, Time: 00:04:44

HP:   -2/26 (31)    AC:  3    Str: 13    XL:     3   Next: 31%
MP:   8/9           EV: 12    Int: 12    God:
Gold: 48            SH:  3    Dex: 10    Spells: 11/12 levels left

rFire   . . .        a - +0 spear
rCold   . . .        d - +0 buckler
rNeg    . . .        b - +0 leather armour
rPois   .            (no helmet)
rElec   .            (no cloak)
rCorr   .            (no gloves)
SInv    .            (no boots)
Will    .....        (no amulet)
Stlth   +            (no ring)
HPRegen 0.24/turn    (no ring)
MPRegen 0.11/turn

%: no passive effects
@: heavily drained
A: fangs 1, strong nose, distributed training
a: no special abilities


You were on level 2 of the Dungeon.
You visited 1 branch of the dungeon, and saw 2 of its levels.

You collected 48 gold pieces.

Inventory:

Hand Weapons
 a - a +0 spear (weapon)
Missiles
 f - 9 poisoned darts
Armour
 b - a +0 leather armour (worn)
 d - a +0 buckler (worn)
Talismans
 g - a flux talisman
Scrolls
 i - 2 scrolls of torment
Potions
 c - a potion of lignification {unknown}
 h - a potion of magic {unknown}


   Skills:
 + Level 4.5 Fighting
 + Level 0.8 Short Blades
 + Level 0.8 Long Blades
 + Level 0.8 Axes
 + Level 0.8 Maces & Flails
 + Level 6.5 Polearms
 + Level 0.8 Staves
 + Level 0.8 Ranged Weapons
 + Level 0.8 Throwing
 + Level 0.8 Armour
 + Level 4.5 Dodging
 + Level 0.8 Stealth
 + Level 0.8 Shields
 + Level 0.8 Unarmed Combat
 + Level 5.0 Spellcasting
 + Level 5.4 Conjurations
 + Level 0.5 Hexes
 + Level 0.5 Summonings
 + Level 0.5 Necromancy
 + Level 0.5 Translocations
 + Level 0.5 Fire Magic
 + Level 0.5 Ice Magic
 + Level 0.5 Air Magic
 + Level 0.5 Earth Magic
 + Level 0.5 Alchemy
 + Level 1.0 Invocations
 + Level 0.8 Evocations
 + Level 0.7 Shapeshifting


You had 11 spell levels left.
You knew the following spells:

 Your Spells              Type           Power      Damage    Failure   Level
a - Kiss of Death         Conj/Necr      40%        2d8       11%         1

Your spell library contained the following spells:

 Spells                   Type           Power      Damage    Failure   Level
 Momentum Strike          Conj/Tloc      20%        3d8       16%         2
 Hailstorm                Conj/Ice       10%        3d6       30%         3


Dungeon Overview and Level Annotations

Branches:
Dungeon (2/15)

Altars:


Innate Abilities, Weirdness & Mutations

You have very sharp teeth.
Your uncanny sense of smell can sniff out nearby items.
Your experience applies equally to all skills.


Message History

Done exploring.
You see here a +0 club.
There is a stone staircase leading down here.
You can't go up here!
You climb downwards.
There is a stone staircase leading up here.
Found a ring mail.
Found a flail.
You see here a +0 ring mail.
You see here a +0 ring mail.
A kobold comes into view. It is wielding a +0 short sword.
The kobold shouts!
The kobold barely misses you. The kobold closely misses you.
You closely miss the kobold. You closely miss the kobold.
The kobold hits you with a +0 short sword.
You hit the kobold but do no damage.
The kobold hits you with a +0 short sword.
You hit the kobold.
You kill the kobold!
Your Invocations skill increases to level 1!
An ogre comes into view. It is wielding a +0 giant club.
Things that are here:
a +0 short sword; a kobold corpse
There is a stone staircase leading up here.
You climb upwards.
There is a stone staircase leading down here.
There is a stone staircase leading down here.
You climb downwards.
The ogre closely misses you.
There is a stone staircase leading up here.
Aiming: Kiss of Death (safe; 11% risk of failure)
Press: ? - help, Q - select action, (/) - cycle Shift-Dir - straight line, f - ogre
Aim: an ogre, wielding a +0 giant club (100% to hit)
The negative energy hits the ogre!
The ogre is drained!
The ogre is heavily wounded.
You feel drained.
The ogre hits you with a +0 giant club!!
Ouch! That really hurt!
You die...

### #.. #.#
#.# #@#
##O#########
#...[.......
#..######.#.
#..# #..#
#.)# #....#
#.##.#


You could see an ogre (drained).

Vanquished Creatures
  2 dart slugs (D:1)
  4 bats (D:1)
  2 endoplasms (D:1)
  2 giant cockroaches (D:1)
  A goblin (D:1)
  A hobgoblin (D:1)
  3 jackals (D:1)
  3 ball pythons (D:1)
  2 frilled lizards (D:1)
  5 kobolds
  3 rats (D:1)
28 creatures vanquished.

Notes
Turn   | Place    | Note
-------+----------+-------------------------------------------
     0 | D:1      | emalcxe the Gnoll Reaver began the quest for the Orb.
     0 | D:1      | Reached XP level 1. HP: 20/20 MP: 6/6
   216 | D:1      | Reached XP level 2. HP: 19/21 MP: 7/7
   347 | D:1      | Reached skill level 5 in Spellcasting
   347 | D:1      | Reached XP level 3. HP: 21/31 MP: 7/9
   834 | D:2      | Reached skill level 1 in Invocations
   834 | D:2      | Noticed an ogre
   867 | D:2      | Slain by an ogre

Illustrated notes

Levels and vault maps discovered:
D:1:      ebering_hopf_link, layout_basic
D:2:      layout_loops_ring

Skill      XL: |  1  2  3 |
---------------+----------+-----
Spellcasting   | 5 |  5.0
Invocations    | 1 |  1.0
Fighting       | |  4.5
Short Blades   | |  0.8
Long Blades    | |  0.8
Axes           | |  0.8
Maces & Flails | |  0.8
Polearms       | |  6.5
Staves         | |  0.8
Ranged Weapons | |  0.8
Throwing       | |  0.8
Armour         | |  0.8
Dodging        | |  4.5
Stealth        | |  0.8
Shields        | |  0.8
Unarmed Combat | |  0.8
Conjurations   | |  5.4
Hexes          | |  0.5
Summonings     | |  0.5
Necromancy     | |  0.5
Translocations | |  0.5
Fire Magic     | |  0.5
Ice Magic      | |  0.5
Air Magic      | |  0.5
Earth Magic    | |  0.5
Alchemy        | |  0.5
Evocations     | |  0.8
Shapeshifting  | |  0.7

Action                     || total
---------------------------++-------
  Melee: Spear             ||    84
         Bite              ||    11
   Cast: Kiss of Death     ||     3
    Use: Scroll            ||     4
 Armour: Leather armour    ||    37
  Dodge: Dodged            ||    45
  Block: Buckler           ||     9
